 Dungeon Crawl Stone Soup version 0.24.0-13-gcf9b3192b9 (webtiles) character file.

Game seed: 4196205005857061240, levelgen mode: deterministic

44 Metae the Skirmisher (level 3, 0/29 HPs)
             Began as a Merfolk Skald on Nov 10, 2019.
             Slain by a worm (10 damage)
             ... on level 1 of the Dungeon.
             The game lasted 00:08:20 (1645 turns).

Metae the Skirmisher (Merfolk Skald)                Turns: 1645, Time: 00:08:20

Health: 0/29       AC:  3    Str: 12    XL:     3   Next: 62%
Magic:  1/7        EV: 12    Int: 12    God:
Gold:   69         SH:  0    Dex: 13    Spells: 6/7 levels left

rFire    . . .     SeeInvis .   a - +1 spear
rCold    . . .     Gourm    .   (no shield)
rNeg     . . .     Faith    .   b - +0 leather armour
rPois    .         Spirit   .   (no helmet)
rElec    .         Reflect  .   (no cloak)
rCorr    .         Harm     .   (no gloves)
MR       .....     Rnd*Tele +   (no boots)
Stlth    ..........             (no amulet)
HPRegen  0.09/turn              c - ring of attention (curse)
MPRegen  0.10/turn              h - ring of teleportation (curse)

@: infused (expiring)
A: change form in water, swift swim, stealthy swim
a: no special abilities


You were on level 1 of the Dungeon.
You were hungry.

You visited 1 branch of the dungeon, and saw 2 of its levels.

You collected 69 gold pieces.

Inventory:

Hand Weapons
 a - a +1 spear (weapon)
Armour
 b - a +0 leather armour (worn)
Jewellery
 c - a cursed ring of attention (left hand)
 h - a cursed ring of teleportation (right hand)
Potions
 e - a potion of curing
 f - a potion of might {unknown}
 i - 2 potions of cancellation {unknown}
Comestibles
 d - 3 rations


   Skills:
 + Level 3.5 Fighting
 - Level 3.0 Polearms
 - Level 0.6 Armour
 - Level 2.6 Dodging
 + Level 2.8 Spellcasting
 - Level 3.2 Charms


You had 6 spell levels left.
You knew the following spells:

 Your Spells              Type           Power        Failure   Level  Hunger
a - Infusion              Chrm           #...         9%          1    #......

Your spell library contained the following spells:

 Spells                   Type           Power        Failure   Level  Hunger
 Song of Slaying          Chrm           #.......     13%         2    ###....
 Shroud of Golubria       Chrm/Tloc      #.....       24%         2    ###....
 Regeneration             Chrm/Necr      #.........   43%         3    ###....
 Spectral Weapon          Hex/Chrm       #.......     43%         3    ###....


Dungeon Overview and Level Annotations

Branches:
Dungeon (2/15)

Altars:
Cheibriados


Message History

The worm misses you.
You hit the worm!
The worm is heavily wounded.
You hit the worm.
The worm is severely wounded.
You are feeling hungry.
The worm bites you!
You hit the worm.
The worm is severely wounded.
The worm bites you!
You are too injured to fight recklessly!
You climb upwards.
There is a stone staircase leading down here.
Your magical infusion is running out.
You hit the worm.
The worm is severely wounded.
You hit the worm.
The worm is almost dead.
The worm bites you!
You die...

.#####.# #.##.########§# #.# #.
.......# ##.(........##§# #.# #.
..###..# #..##.#.....##§# #.# #.
..# #..####..##.......##§###.###.
..###....)..)####>....##§§§§.....
.......####..####.)...######§####
.#.###.####...........# #§# .#>#
#.##...####w####.######.# .#.#
#.##.#.# #@#...........# ...#
#......####.#.##.######## ...#
####.####........# ##.#
#.####.######## ##.######......#
..........###### ...######.# ..>#
#.# ...# #.#


You could see a worm.

Vanquished Creatures
  A dart slug (D:1)
  A leopard gecko (D:1)
  4 orcs (D:2)
  3 giant cockroaches
  8 goblins
  2 hobgoblins (D:1)
  5 bats
  A frilled lizard (D:1)
  6 kobolds (D:1)
  5 rats
36 creatures vanquished.

Notes
Turn   | Place    | Note
-------+----------+-------------------------------------------
     0 | D:1      | Metae the Merfolk Skald began the quest for the Orb.
     0 | D:1      | Reached XP level 1. HP: 16/16 MP: 3/3
   140 | D:1      | Reached XP level 2. HP: 14/23 MP: 5/5
   875 | D:1      | Reached XP level 3. HP: 26/29 MP: 6/6
  1179 | D:2      | Found a snail-covered altar of Cheibriados.
  1645 | D:1      | Slain by a worm

Levels and vault maps discovered:
D:1:      moated_graveyard_arrival, layout_loops_cross
D:2:      layout_rooms, nicolae_dithmenos_shadow_blocks, lemuel_round_altar,
          lemuel_coloured_pillars_altar, serial_corexii_hall,
          corexii_hall_statues_t, corexii_hall_statues_x, first_ration

Skill      XL: |  1  2 |
---------------+-------+-----
Fighting       | 3 |  3.5
Polearms       | |  3.0
Armour         | |  0.6
Dodging        | |  2.6
Spellcasting   | |  2.8
Charms         | |  3.2

Action                   || total
-------------------------++-------
Melee: Spear             ||   153
       Tailslap          ||     1
 Cast: Infusion          ||     3
  Use: Scroll            ||     4
  Eat: Chunk             ||     2
Armor: Leather armour    ||    36
Dodge: Dodged            ||    98
